TOP OF THE 1ST |
Otsego Bulldogs batting - Pitching for Portland Privateers : LHP Pedro Santana
|
Pitching: LHP Pedro Santana
|
|
Batting: RHB Jesús Ramírez
|
0-0: Called Strike 0-1: Ball 1-1: Ball 2-1: Swinging Strike 2-2: Strikes out looking
|
Batting: RHB Patrick Potts
|
0-0: Ball 1-0: Foul Ball, location: 2F 1-1: Ball 2-1: Fly out, F5 (Line Drive, 5)
|
Batting: RHB Jorge Cisneros
|
0-0: Ball 1-0: Called Strike 1-1: Foul Ball, location: 2F 1-2: Strikes out swinging
|
Top of the 1st over - 0 run(s), 0 hit(s), 0 error(s), 0 left on base; Otsego 0 - Portland 0 |
BOTTOM OF THE 1ST |
Portland Privateers batting - Pitching for Otsego Bulldogs : LHP Júlio Gracía
|
Pitching: LHP Júlio Gracía
|
|
Batting: RHB Luis Pineda
|
0-0: Ball 1-0: Foul Ball, location: 2F 1-1: Foul Ball, location: 2F 1-2: Foul Ball, location: 2F 1-2: Foul Ball, location: 2F 1-2: Hit by Pitch
|
Batting: RHB Dave Nelson
|
0-0: Ball 1-0: Called Strike 1-1: Ball 2-1: Ball 3-1: Swinging Strike 3-2: Strikes out looking
|
Batting: LHB Juan Acotia
|
0-0: Ball 1-0: Fly out, F7 (Flyball, 7LS)
|
Batting: SHB Patrick Larson
|
0-0: Ball 1-0: Ball 2-0: Called Strike 2-1: Ball 3-1: Foul Ball, location: 2F 3-2: Base on Balls Luis Pineda to second
|
Batting: RHB Troy Lau
|
0-0: Ball 1-0: Ball 2-0: Called Strike 2-1: Ball 3-1: Base on Balls Luis Pineda to third Patrick Larson to second
|
Batting: LHB Pedro Padilla
|
0-0: Swinging Strike 0-1: Swinging Strike 0-2: Ball 1-2: Fly out, F8 (Flyball, 8RS)
|
Bottom of the 1st over - 0 run(s), 0 hit(s), 0 error(s), 3 left on base; Otsego 0 - Portland 0 |
TOP OF THE 2ND |
Otsego Bulldogs batting - Pitching for Portland Privateers : LHP Pedro Santana
|
Batting: RHB Felipe Rego
|
0-0: Ball 1-0: Ball 2-0: Foul Ball, location: 2F 2-1: Ball 3-1: Called Strike 3-2: Base on Balls
|
Batting: RHB Cristo García
|
0-0: Foul Ball, location: 2F 0-1: Reached on error, E1 (Groundball, P) Felipe Rego to second
|
Batting: RHB Kyung-bok Cho
|
0-0: Foul Ball, location: 2F 0-1: Swinging Strike 0-2: Ball 1-2: Foul Ball, location: 2F 1-2: SINGLE (Groundball, 6MD) Felipe Rego to third Cristo García to second
|
Batting: RHB Juan Pérez
|
0-0: Ball 1-0: Called Strike 1-1: Ball 2-1: Ball 3-1: Base on Balls Felipe Rego scores Cristo García to third Kyung-bok Cho to second
|
Batting: LHB Martin Davis
|
0-0: Ball 1-0: Ball 2-0: Swinging Strike 2-1: Foul Ball, location: 2F 2-2: Foul Ball, location: 2F 2-2: Ball 3-2: Strikes out swinging
|
Batting: RHB José Martínez
|
0-0: Ball 1-0: Reached on error, E6 (Groundball, 6M) Cristo García scores Kyung-bok Cho scores Juan Pérez to third
|
Batting: RHB Jesús Ramírez
|
0-0: Ball 1-0: Called Strike 1-1: Ball 2-1: Fly out, F5 (Line Drive, 56)
|
Batting: RHB Patrick Potts
|
0-0: Ball Passed Ball! Juan Pérez scores José Martínez to third 1-0: Called Strike 1-1: Fly out, F9 (Flyball, 9LM)
|
Top of the 2nd over - 4 run(s), 1 hit(s), 2 error(s), 1 left on base; Otsego 4 - Portland 0 |
BOTTOM OF THE 2ND |
Portland Privateers batting - Pitching for Otsego Bulldogs : LHP Júlio Gracía
|
Batting: RHB José Balina
|
0-0: Ball 1-0: Swinging Strike 1-1: SINGLE (Groundball, 56) (infield hit)
|
Batting: LHB Yasuhiko Onodera
|
0-0: Grounds into double play, 5-4-3 (Groundball, 56)
|
Batting: LHB Jeff Dorney
|
0-0: Ball 1-0: Foul Ball, location: 2F 1-1: Ball 2-1: SINGLE (Line Drive, 6MD)
|
Batting: RHB Luis Pineda
|
0-0: Ground out 5-3 (Groundball, 56)
|
Bottom of the 2nd over - 0 run(s), 2 hit(s), 0 error(s), 1 left on base; Otsego 4 - Portland 0 |
TOP OF THE 3RD |
Otsego Bulldogs batting - Pitching for Portland Privateers : LHP Pedro Santana
|
Batting: RHB Jorge Cisneros
|
0-0: Foul Ball, location: 2F 0-1: Ball 1-1: Ball 2-1: Called Strike 2-2: Ball 3-2: Foul Ball, location: 2F 3-2: Base on Balls
|
Batting: RHB Felipe Rego
|
0-0: Ball 1-0: Foul Ball, location: 2F 1-1: Fly out, F8 (Flyball, 8LM)
|
Batting: RHB Cristo García
|
0-0: Ball 1-0: Foul Ball, location: 2F 1-1: SINGLE (Line Drive, 9LS) Jorge Cisneros to second
|
Batting: RHB Kyung-bok Cho
|
0-0: SINGLE (Line Drive, 7S) Jorge Cisneros to third Cristo García to second Runner from 3rd tries for Home, SAFE, throw made home
|
Batting: RHB Juan Pérez
|
0-0: Ball Cristo García steals 3rd base Kyung-bok Cho to second 1-0: Ball 2-0: Called Strike 2-1: Ball 3-1: Called Strike 3-2: Foul Ball, location: 2F 3-2: Foul Ball, location: 2F 3-2: Base on Balls
|
Batting: LHB Martin Davis
|
0-0: Ball 1-0: Ball 2-0: Called Strike 2-1: Ball 3-1: Base on Balls Cristo García scores Kyung-bok Cho to third Juan Pérez to second
|
Batting: RHB José Martínez
|
Balk! Kyung-bok Cho scores Juan Pérez to third Martin Davis to second
|
Pitching: RHP Tom Clement
|
0-0: Ball 1-0: Called Strike 1-1: Ball 2-1: Foul Ball, location: 2F 2-2: Ball 3-2: Base on Balls
|
Batting: RHB Jesús Ramírez
|
0-0: Called Strike 0-1: Foul Ball, location: 2F 0-2: Ball 1-2: Strikes out swinging
|
Batting: RHB Patrick Potts
|
0-0: Ball 1-0: Ball 2-0: Foul Ball, location: 2F 2-1: Fly out, F3 (Popup, 3D)
|
Top of the 3rd over - 3 run(s), 2 hit(s), 0 error(s), 3 left on base; Otsego 7 - Portland 0 |
BOTTOM OF THE 3RD |
Portland Privateers batting - Pitching for Otsego Bulldogs : LHP Júlio Gracía
|
Batting: RHB Dave Nelson
|
0-0: Ball 1-0: Called Strike 1-1: Ball 2-1: Called Strike 2-2: Strikes out swinging
|
Batting: LHB Juan Acotia
|
0-0: Swinging Strike 0-1: Called Strike 0-2: Ball 1-2: Strikes out swinging
|
Batting: SHB Patrick Larson
|
0-0: Ball 1-0: Ball 2-0: Ball 3-0: Base on Balls
|
Batting: RHB Troy Lau
|
0-0: Ball 1-0: Ball 2-0: DOUBLE (Flyball, 9D) Patrick Larson to third Runner from 3rd tries for Home, SAFE, no throw
|
Batting: LHB Pedro Padilla
|
0-0: Ball 1-0: Foul Ball, location: 2F 1-1: Foul Ball, location: 2F 1-2: SINGLE (Groundball, 56D) Troy Lau to third Runner from 3rd tries for Home, SAFE, throw made home
|
Batting: RHB José Balina
|
0-0: Called Strike 0-1: Ball 1-1: Fly out, F9 (Flyball, 89S)
|
Bottom of the 3rd over - 2 run(s), 2 hit(s), 0 error(s), 1 left on base; Otsego 7 - Portland 2 |
TOP OF THE 4TH |
Otsego Bulldogs batting - Pitching for Portland Privateers : RHP Tom Clement
|
Batting: RHB Jorge Cisneros
|
0-0: Foul Ball, location: 2F 0-1: Foul Ball, location: 2F 0-2: Foul Ball, location: 2F 0-2: Foul Ball, location: 2F 0-2: SINGLE (Groundball, 6MD)
|
Batting: RHB Felipe Rego
|
0-0: Called Strike 0-1: Called Strike 0-2: Ball 1-2: Ball 2-2: Ball 3-2: Ground out 6-3 (Groundball, 56) Jorge Cisneros to second
|
Batting: RHB Cristo García
|
0-0: 2-RUN HOME RUN (Flyball, 7LD), Distance : 336 ft
|
Pitching: RHP Mario Ramos
|
|
Batting: RHB Kyung-bok Cho
|
0-0: Called Strike 0-1: Ball 1-1: Ball 2-1: Ball 3-1: Base on Balls
|
Batting: RHB Juan Pérez
|
0-0: Ball 1-0: Ball 2-0: Swinging Strike 2-1: Ball 3-1: Called Strike 3-2: Base on Balls Kyung-bok Cho to second
|
Batting: LHB Martin Davis
|
0-0: Grounds into double play, 4-6-3 (Groundball, 4M)
|
Top of the 4th over - 2 run(s), 2 hit(s), 0 error(s), 1 left on base; Otsego 9 - Portland 2 |
BOTTOM OF THE 4TH |
Portland Privateers batting - Pitching for Otsego Bulldogs : LHP Júlio Gracía
|
Batting: LHB Yasuhiko Onodera
|
0-0: Called Strike 0-1: Ball 1-1: SINGLE (Line Drive, 9LS)
|
Batting: LHB Jeff Dorney
|
0-0: SINGLE (Line Drive, 8RS) Yasuhiko Onodera to second
|
Batting: RHB Luis Pineda
|
0-0: Called Strike 0-1: Ground out 5-3 (Groundball, 56S) Yasuhiko Onodera to third Jeff Dorney to second
|
Batting: RHB Dave Nelson
|
0-0: Swinging Strike 0-1: Ball 1-1: Foul Ball, location: 2F 1-2: Ball 2-2: Fly out, F6 (Line Drive, 6) Lined into DP, 6-4 (Line Drive, 6)
|
Bottom of the 4th over - 0 run(s), 2 hit(s), 0 error(s), 1 left on base; Otsego 9 - Portland 2 |
TOP OF THE 5TH |
Otsego Bulldogs batting - Pitching for Portland Privateers : RHP Mario Ramos
|
Batting: RHB José Martínez
|
0-0: Called Strike 0-1: Ground out 5-3 (Groundball, 56)
|
Batting: RHB Jesús Ramírez
|
0-0: Swinging Strike 0-1: Ball 1-1: Foul Ball, location: 2F 1-2: Ball 2-2: Foul Ball, location: 2F 2-2: Foul Ball, location: 2F 2-2: Ball 3-2: Foul Ball, location: 2F 3-2: Strikes out looking
|
Batting: RHB Patrick Potts
|
0-0: Ground out 6-3 (Groundball, 6)
|
Top of the 5th over - 0 run(s), 0 hit(s), 0 error(s), 0 left on base; Otsego 9 - Portland 2 |
BOTTOM OF THE 5TH |
Portland Privateers batting - Pitching for Otsego Bulldogs : LHP Júlio Gracía
|
Batting: LHB Juan Acotia
|
0-0: Ball 1-0: Called Strike 1-1: Swinging Strike 1-2: Ball 2-2: Ball 3-2: Strikes out looking
|
Batting: SHB Patrick Larson
|
0-0: Called Strike 0-1: Ball 1-1: Foul Ball, location: 2F 1-2: SINGLE (Line Drive, 4MD)
|
Batting: RHB Troy Lau
|
0-0: Ball 1-0: Called Strike 1-1: Ball 2-1: Ball 3-1: Called Strike 3-2: Base on Balls Patrick Larson to second
|
Pitching: LHP Jeff Hardin
|
|
Batting: LHB Pedro Padilla
|
0-0: Called Strike 0-1: Fly out, F2 (Popup, 15S)
|
Batting: RHB José Balina
|
0-0: Called Strike 0-1: Foul Ball, location: 2F 0-2: Foul Ball, location: 2F 0-2: Strikes out swinging
|
Bottom of the 5th over - 0 run(s), 1 hit(s), 0 error(s), 2 left on base; Otsego 9 - Portland 2 |
TOP OF THE 6TH |
Otsego Bulldogs batting - Pitching for Portland Privateers : RHP Mario Ramos
|
Batting: RHB Jorge Cisneros
|
0-0: Ball 1-0: Called Strike 1-1: Ball 2-1: SINGLE (Groundball, 6M) (infield hit)
|
Batting: RHB Felipe Rego
|
0-0: Foul Ball, location: 2F 0-1: Called Strike 0-2: Fielders Choice at 2nd, 6-4 (Groundball, 6)
|
Batting: RHB Cristo García
|
0-0: Ground out 4-3 (Groundball, 34D) Felipe Rego to second
|
Batting: RHB Kyung-bok Cho
|
0-0: Ground out 5-3 (Groundball, 56)
|
Top of the 6th over - 0 run(s), 1 hit(s), 0 error(s), 1 left on base; Otsego 9 - Portland 2 |
BOTTOM OF THE 6TH |
Portland Privateers batting - Pitching for Otsego Bulldogs : LHP Jeff Hardin
|
Batting: LHB Yasuhiko Onodera
|
0-0: Ball 1-0: Ball 2-0: Reached on error, E3 (Groundball, 34)
|
Batting: LHB Jeff Dorney
|
0-0: Called Strike 0-1: Ball 1-1: Ball 2-1: SINGLE (Line Drive, 78S) Yasuhiko Onodera to second
|
Batting: RHB Luis Pineda
|
0-0: Fly out, F9 (Line Drive, 9)
|
Batting: RHB Dave Nelson
|
0-0: Called Strike 0-1: Fly out, F6 (Popup, 5D)
|
Batting: LHB Juan Acotia
|
0-0: Ball 1-0: Swinging Strike 1-1: Foul Ball, location: 2F 1-2: Fly out, F7 (Flyball, 78M)
|
Bottom of the 6th over - 0 run(s), 1 hit(s), 1 error(s), 2 left on base; Otsego 9 - Portland 2 |
TOP OF THE 7TH |
Otsego Bulldogs batting - Pitching for Portland Privateers : RHP Mario Ramos
|
Batting: RHB Juan Pérez
|
0-0: Ball 1-0: Swinging Strike 1-1: Called Strike 1-2: Foul Ball, location: 2F 1-2: Foul Ball, location: 2F 1-2: Foul Ball, location: 2F 1-2: Ball 2-2: Foul Ball, location: 2F 2-2: Fly out, F3 (Popup, 34)
|
Pitching: RHP Héctor Negrón
|
|
Batting: LHB Martin Davis
|
0-0: Fly out, F7 (Flyball, 7LS)
|
Batting: RHB José Martínez
|
0-0: Called Strike 0-1: Ball 1-1: Foul Ball, location: 2F 1-2: Ball 2-2: Ball 3-2: Strikes out swinging
|
Top of the 7th over - 0 run(s), 0 hit(s), 0 error(s), 0 left on base; Otsego 9 - Portland 2 |
BOTTOM OF THE 7TH |
Portland Privateers batting - Pitching for Otsego Bulldogs : LHP Jeff Hardin
|
Batting: SHB Patrick Larson
|
0-0: Foul Ball, location: 2F 0-1: Ground out 1-3 (Groundball, 15S)
|
Batting: RHB Troy Lau
|
0-0: Ball 1-0: Swinging Strike 1-1: Ball 2-1: Ball 3-1: Base on Balls
|
Batting: LHB Pedro Padilla
|
0-0: Fly out, F8 (Line Drive, 8LM)
|
Batting: RHB José Balina
|
0-0: Ball 1-0: Ball 2-0: Ball 3-0: Called Strike 3-1: Base on Balls Troy Lau to second
|
Batting: LHB Yasuhiko Onodera
|
0-0: Ball 1-0: Foul Ball, location: 2F 1-1: Ball 2-1: Ground out 3-1 (Groundball, 34)
|
Bottom of the 7th over - 0 run(s), 0 hit(s), 0 error(s), 2 left on base; Otsego 9 - Portland 2 |
TOP OF THE 8TH |
Otsego Bulldogs batting - Pitching for Portland Privateers : RHP Héctor Negrón
|
Batting: RHB Jesús Ramírez
|
0-0: Foul Ball, location: 2F 0-1: Ball 1-1: Ball 2-1: Ground out 6-3 (Groundball, 6)
|
Batting: RHB Patrick Potts
|
0-0: Ground out 5-3 (Groundball, 5)
|
Batting: RHB Jorge Cisneros
|
0-0: Ball 1-0: Swinging Strike 1-1: Swinging Strike 1-2: Strikes out swinging
|
Top of the 8th over - 0 run(s), 0 hit(s), 0 error(s), 0 left on base; Otsego 9 - Portland 2 |
BOTTOM OF THE 8TH |
Portland Privateers batting - Pitching for Otsego Bulldogs : LHP Jeff Hardin
|
Batting: LHB Jeff Dorney
|
0-0: Called Strike 0-1: Ball 1-1: Foul Ball, location: 2F 1-2: Foul Ball, location: 2F 1-2: Ground out U3 (Groundball, 34)
|
Batting: RHB Luis Pineda
|
0-0: Called Strike 0-1: Swinging Strike 0-2: Reached on error, E8 (Flyball, 78D)
|
Batting: RHB Dave Nelson
|
0-0: Called Strike 0-1: Ball 1-1: Fly out, F9 (Flyball, 9LSF)
|
Batting: LHB Juan Acotia
|
0-0: Swinging Strike 0-1: SINGLE (Line Drive, 4MD) Luis Pineda to second
|
Batting: SHB Patrick Larson
|
0-0: Ball Passed Ball! Luis Pineda to third Juan Acotia to second 1-0: Ball 2-0: Ball 3-0: Called Strike 3-1: Base on Balls
|
Batting: RHB Troy Lau
|
0-0: Called Strike 0-1: Foul Ball, location: 2F 0-2: Fly out, F4 (Popup, 34)
|
Bottom of the 8th over - 0 run(s), 1 hit(s), 1 error(s), 3 left on base; Otsego 9 - Portland 2 |
TOP OF THE 9TH |
Otsego Bulldogs batting - Pitching for Portland Privateers : RHP Héctor Negrón
|
Batting: RHB Felipe Rego
|
0-0: Ball 1-0: Ball 2-0: Called Strike 2-1: Ball 3-1: Called Strike 3-2: Foul Ball, location: 2F 3-2: SINGLE (Line Drive, 7S)
|
Batting: RHB Cristo García
|
0-0: Called Strike 0-1: Ball 1-1: Grounds into double play, 4-6-3 (Groundball, 4)
|
Batting: RHB Kyung-bok Cho
|
0-0: Ball 1-0: Ball 2-0: Swinging Strike 2-1: Swinging Strike 2-2: Strikes out swinging
|
Top of the 9th over - 0 run(s), 1 hit(s), 0 error(s), 0 left on base; Otsego 9 - Portland 2 |
BOTTOM OF THE 9TH |
Portland Privateers batting - Pitching for Otsego Bulldogs : LHP Jeff Hardin
|
Pitching: RHP Ricardo Trujillo
|
|
Batting: LHB Pedro Padilla
|
0-0: Called Strike 0-1: Ball 1-1: DOUBLE (Line Drive, 9D)
|
Batting: RHB José Balina
|
0-0: Ball 1-0: Ball 2-0: Ball 3-0: Base on Balls
|
Batting: LHB Yasuhiko Onodera
|
0-0: Ball 1-0: Called Strike 1-1: Swinging Strike 1-2: Strikes out swinging
|
Batting: LHB Jeff Dorney
|
0-0: Grounds into double play, 3-6-3 (Groundball, 3)
|
Bottom of the 9th over - 0 run(s), 1 hit(s), 0 error(s), 1 left on base; Otsego 9 - Portland 2 |
|